 Dungeon Crawl Stone Soup version 0.32-a0-42-ga30500b4d3 (webtiles) character file.

Game seed: 8177257266313184411

3458 lunkers the Spear-Bearer (level 10, -3/159 HPs)
             Began as an Oni Gladiator on Jan 31, 2024.
             Was an Initiate of Ru.
             Succumbed to a hornet's poison
             ... on level 7 of the Dungeon.
             The game lasted 00:11:49 (6975 turns).

lunkers the Spear-Bearer (Oni Gladiator)            Turns: 6975, Time: 00:11:49

Health: -3/159     AC:  5    Str: 24    XL:     10   Next: 6%
Magic:  10/10      EV:  9    Int:  9    God:    Ru [......]
Gold:   349        SH: 14    Dex: 10    Spells: 9/9 levels left

rFire   + . .        a - +0 trident (freeze)
rCold   . . .        s - +0 kite shield
rNeg    . . .        p - +2 robe {rF+}
rPois   .            c - +0 hat
rElec   .            (no cloak)
rCorr   .            (gloves unavailable)
SInv    +            (boots unavailable)
Will    +....        u - amulet of reflection
Stlth   x              - ring of see invisible
HPRegen 0.46/turn    (no ring)
MPRegen 0.12/turn

%: reflection
@: berserking (expiring), lethally poisoned (-3 -> -15), slowed
A: large, unfitting armour, horns 1, tough skin 1, no stealth, double potion
healing, drunken brawling
a: Renounce Religion


You were on level 7 of the Dungeon.
You worshipped Ru.
Ru was noncommittal.
You visited 2 branches of the dungeon, and saw 8 of its levels.

You collected 349 gold pieces.

Inventory:

Hand Weapons
 a - a +0 trident of freezing (weapon)
 v - a +0 bardiche
Missiles
 d - 4 throwing nets
 e - a large rock
Armour
 c - a +0 hat (worn)
 p - a +2 robe of fire resistance (worn)
 s - a +0 kite shield (worn)
Jewellery
 u - an amulet of reflection (around neck)
 x - a ring of see invisible (left hand)
Wands
 b - a wand of digging (4)
 w - a wand of iceblast (3)
Scrolls
 j - a scroll of immolation
 k - a scroll of brand weapon
 m - 6 scrolls of teleportation
Potions
 f - a potion of resistance
 g - 2 potions of attraction {unknown}
 h - a potion of berserk rage
 i - a potion of cancellation {unknown}
 l - 2 potions of curing
 n - 2 potions of ambrosia {unknown}
 o - 2 potions of enlightenment {unknown}
 q - 2 potions of magic
 r - a potion of brilliance {unknown}
 t - a potion of haste {unknown}


   Skills:
 + Level 8.5 Fighting
 * Level 11.3 Polearms
 - Level 2.0 Throwing
 - Level 2.6 Dodging
 + Level 5.5 Shields


You had 9 spell levels left.
You didn't know any spells.
Your spell library contained the following spells:

 Spells                   Type           Power      Damage    Failure   Level
 Ensorcelled Hibernation  Hex/Ice        0%         N/A       77%         2
 Dazzling Flash           Conj/Hex       0%         N/A       94%         3
 Fugue of the Fallen      Necr           0%         N/A       94%         3
 Mephitic Cloud           Conj/Alch/Air  0%         N/A       94%         3
 Anguish                  Hex/Necr       0%         N/A       100%        4
 Curse of Agony           Necr           0%         N/A       100%        5
 Silence                  Hex/Air        0%         N/A       100%        5


Dungeon Overview and Level Annotations

Branches:
Dungeon (7/15)             Temple (1/1) D:7

Altars:
Ashenzari
Cheibriados
Dithmenos
Elyvilon
Fedhas
Gozag
Makhleb
Okawaru
Qazlal
Ru
Sif Muna
Uskayaw
Vehumet
Wu Jian
Xom
Yredelemnul
Zin
The Shining One


Innate Abilities, Weirdness & Mutations

You are too large for most types of armour.
You have a pair of small horns on your head.
You have tough skin. (AC +1)
You cannot be stealthy.
You gain doubled healing and magic from potions.
Whenever you drink a healing potion, you attack all around you.


Message History

You feel as though you will be slow longer.
The hornet stings you!
* * * LOW HITPOINT WARNING * * *
You feel as though you will be slow longer.
You closely miss the hornet.
You feel very sick. The hornet stings you.
* * * LOW HITPOINT WARNING * * *
You are lethally poisoned!
You feel as though you will be slow longer.
You puncture the hornet! You freeze the hornet.
Your headbutt misses the hornet.
The hornet is heavily wounded.
* * * LOW HITPOINT WARNING * * *
You feel very sick. The hornet barely misses you.
You block the hornet's attack.
You puncture the hornet! You freeze the hornet.
Your headbutt misses the hornet.
The hornet is almost dead.
* * * LOW HITPOINT WARNING * * *
You feel very sick. You block the hornet's attack.
You barely miss the hornet. Your headbutt misses the hornet.
The hornet is almost dead.
* * * LOW HITPOINT WARNING * * *
You feel very sick. The hornet stings you.
* * * LOW HITPOINT WARNING * * *
You are more poisoned.
You feel as though you will be slow longer.
You hit the hornet. You freeze the hornet.
You kill the hornet!
* * * LOW HITPOINT WARNING * * *
You feel very sick.
* * * LOW HITPOINT WARNING * * *
You feel very sick.
You see here a hornet corpse.
You are too berserk!
You feel a strong urge to attack something.
You die...

#.............#
#.###########.#
.## #.# ## #.# #
###.#### #
#......# #
#.#.##.# #
#+####.# #
*♣*,***#@# #*****
*...,,*#†#
,,,,,****.≈≈≈.♣#)#
#***,,,+,.≈≈≈y.'.#
# ******.≈≈≈.♣###
# *....,* #
*♣♣.*** # *#+* #
*,,*


There were no monsters in sight!

Vanquished Creatures
  A gargoyle (D:6)
  Grinder (D:3)
  A hornet (D:7)
  Eustachio (D:5)
  A steam dragon (D:7)
  2 water moccasins
  An orc warrior (D:6)
  A black bear (D:4)
  An ice beast (D:6)
  A sky beast (D:7)
  An ogre (D:5)
  A centaur (D:7)
  2 phantoms (D:6)
  A kobold brigand (D:7)
  2 scorpions
  A wyvern zombie (D:6)
  6 wights
  A howler monkey (D:7)
  A bullfrog zombie (D:6)
  2 jellies
  2 bullfrog skeletons (D:6)
  A centaur zombie (D:6)
  6 hounds
  A gnoll bouda (D:5)
  4 orc priests (D:4)
  6 iguanas
  2 orc wizards
  11 gnolls
  A howler monkey skeleton (D:6)
  2 river rats (D:6)
  9 adders
  A shadow imp (D:3)
  2 ufetubi (D:6)
  A ribbon worm (D:3)
  2 dart slugs
  23 orcs
  9 ball pythons
  4 endoplasms
  3 giant cockroaches
  8 goblins
  6 hobgoblins
  2 jackals (D:5)
  3 quokkas
  8 bats
  3 frilled lizards
  6 kobolds
  10 rats
165 creatures vanquished.

Vanquished Creatures (others)
  A kobold (D:7)
1 creature vanquished.

Grand Total: 166 creatures vanquished

Notes
Turn   | Place    | Note
-------+----------+-------------------------------------------
     0 | D:1      | lunkers the Oni Gladiator began the quest for the Orb.
     0 | D:1      | Reached XP level 1. HP: 22/22 MP: 1/1
   145 | D:1      | Reached XP level 2. HP: 26/29 MP: 2/2
   313 | D:1      | Found a faded altar of an unknown god.
   546 | D:1      | Reached skill level 4 in Polearms
   672 | D:1      | Reached XP level 3. HP: 36/36 MP: 3/3
  1487 | D:2      | Reached XP level 4. HP: 38/44 MP: 4/4
  1723 | D:2      | Reached skill level 5 in Polearms
  1789 | D:3      | Noticed Grinder
  1804 | D:3      | Killed Grinder
  1805 | D:3      | Reached skill level 6 in Polearms
  1805 | D:3      | Reached XP level 5. HP: 24/50 MP: 5/5
  1805 | D:3      | Reached XP level 6. HP: 29/59 MP: 6/6
  1988 | D:3      | Reached skill level 7 in Polearms
  2865 | D:4      | Reached skill level 1 in Shields
  2865 | D:4      | Reached XP level 7. HP: 37/67 MP: 7/7
  3781 | D:4      | Reached skill level 8 in Polearms
  3969 | D:5      | Entered Level 5 of the Dungeon
  3970 | D:5      | Noticed Eustachio
  3999 | D:4      | Reached XP level 8. HP: 53/79 MP: 8/8
  4007 | D:5      | Killed Eustachio
  4008 | D:5      | Reached skill level 5 in Fighting
  4032 | D:5      | Found a burning altar of Makhleb.
  4208 | D:5      | You fall into a shaft and drop 2 floors!
  4282 | D:7      | Reached skill level 9 in Polearms
  4301 | D:7      | Found a staircase to the Ecumenical Temple.
  4310 | Temple   | Entered the Ecumenical Temple
  4498 | Temple   | Became a worshipper of Ru the Awakened
  4748 | D:6      | Reached XP level 9. HP: 24/90 MP: 9/9
  5284 | D:6      | Reached skill level 10 in Polearms
  5477 | D:6      | Noticed a gargoyle
  5489 | D:6      | Killed a gargoyle
  5755 | D:6      | Reached skill level 5 in Shields
  6057 | D:5      | Gained mutation: You cannot be stealthy. [Ru sacrifice]
  6750 | D:5      | Reached skill level 11 in Polearms
  6947 | D:7      | Noticed a hornet
  6964 | D:7      | Reached XP level 10. HP: 99/105 MP: 10/10
  6964 | D:7      | Paralysed by a hornet for 3 turns
  6973 | D:7      | HP: 4/157 [poisoned by a hornet]
  6974 | D:7      | HP: 1/159 [poisoned by a hornet]
  6975 | D:7      | Succumbed to a hornet's poison

Illustrated notes

Levels and vault maps discovered:
D:1:      ebering_hopf_link, layout_loops_ring,
          shapermc_ecumenical_altar_mp_vishouse
D:2:      layout_basic
D:3:      layout_rooms, chequers_decorated_corner,
          chequers_serial_rivers_micro_c, uniq_grinder
D:4:      dreamdust_elfheim, layout_loops_ring,
          hangedman_abyss_or_decor_stagger, feat_on_display
D:5:      layout_basic, mainiacjoe_overflow_concentric_impassable,
          uniq_eustachio
D:6:      layout_basic, serial_undead, serial_undead_a, serial_undead_e,
          serial_undead_d, serial_undead_d, portal_sewer_entry_e
D:7:      layout_loops_ring, temple_fountains, kennysheep_generic_room_11
Temple:   bh_familiar_temple

Skill      XL: |  1  2  3  4  5  6  7  8  9 |
---------------+----------------------------+-----
Polearms       | 4 6 7 8 9 11 | 11.3
Fighting       | 3 4 6 8 |  8.5
Shields        | 1 2 3 5 |  5.5
Throwing       | |  2.0
Dodging        | |  2.6

Action                     |  1- 3 |  4- 6 |  7- 9 | 10-12 || total
---------------------------+-------+-------+-------+-------++-------
  Melee: Trident           |   136 |   131 |   411 |     6 ||   684
         Headbutt          |     9 |    22 |    61 |       ||    92
  Throw: Throwing net      |       |     2 |       |       ||     2
 Invoke: Sacrifice Stealth |       |       |     1 |       ||     1
  Evoke: Wand              |       |       |     4 |       ||     4
    Use: Scroll            |     1 |       |    12 |       ||    13
         Potion            |       |       |       |     1 ||     1
   Stab: Sleeping          |     1 |     2 |     1 |       ||     4
         Distracted        |       |       |     1 |       ||     1
 Armour: Robe              |    71 |    63 |   147 |    10 ||   291
  Dodge: Dodged            |    65 |    28 |    86 |     1 ||   180
  Block: Kite shield       |       |    19 |   218 |     2 ||   239
         Reflection        |       |       |     4 |       ||     4

Table legend: (Time is in decaauts)
 A = Elapsed time spent in this place.
 B = Non-inter-level travel time spent in this place.
 C = Inter-level travel time spent in this place.
 D = Time resting spent in this place.
 E = Time spent auto-exploring this place.
 F = Levels seen in this place.
 G = Mean time per level.
                   A        B        C        D        E       F      G
               +--------+--------+--------+--------+--------+-----+--------+
         Total |   6983 |   6807 |    176 |      0 |   5473 |   8 |  872.9 |
       Dungeon |   6760 |   6619 |    141 |      0 |   5341 |   7 |  965.7 |
        Temple |    223 |    188 |     35 |      0 |    132 |   1 |  223.0 |
               +--------+--------+--------+--------+--------+-----+--------+

Top non-repeatable levels by time:
     D:4: 1321 daAuts
     D:6: 1287 daAuts
     D:5: 1155 daAuts
     D:1: 923 daAuts
     D:3: 891 daAuts
     D:2: 878 daAuts
     D:7: 303 daAuts
  Temple: 223 daAuts
